 Dungeon Crawl Stone Soup version 0.25-a0-737-g26c3a87c45 (webtiles) character file.

Game seed: 14926285763507623182, levelgen mode: deterministic

304 Esekla the Slasher (level 6, -3/48 HPs)
             Began as a Barachi Warper on Apr 11, 2020.
             Was a Believer of Cheibriados.
             Slain by a worker ant (5 damage)
             ... on level 5 of the Dungeon.
             The game lasted 00:21:58 (3247 turns).

Esekla the Slasher (Barachi Warper)                 Turns: 3247, Time: 00:21:58

Health: -3/48      AC:  5    Str: 16    XL:     6   Next: 38%
Magic:  9/9        EV: 13    Int: 18    God:    Cheibriados [**....]
Gold:   136        SH:  0    Dex: 17    Spells: 6/10 levels left

rFire    . . .     SeeInvis .   a - +0 falchion
rCold    . . .     Gourm    .   (no shield)
rNeg     . . .     Faith    .   b - +0 leather armour
rPois    .         Spirit   .   w - +2 hat
rElec    .         Reflect  .   (no cloak)
rCorr    .         Harm     .   (no gloves)
MR       .....                  (no boots)
Stlth    ++........             B - amulet of regeneration
HPRegen  0.56/turn              c - ring of stealth
MPRegen  0.11/turn              (no ring)

@: lethally poisoned (-3 -> -4), very slow
A: +LOS, swims, slowness 1, strong legs 1
a: Hop, Bend Time, Renounce Religion


You were on level 5 of the Dungeon.
You worshipped Cheibriados.
Cheibriados was pleased with you.
You were near starving.

You visited 1 branch of the dungeon, and saw 5 of its levels.

You collected 136 gold pieces.

Inventory:

Hand Weapons
 a - a +0 falchion (weapon)
Missiles
 e - 5 boomerangs of dispersal (quivered)
Armour
 b - a +0 leather armour (worn)
 w - a +2 hat (worn)
Jewellery
 c - a ring of stealth (left hand)
 k - an uncursed ring of ice
 y - a +4 amulet of reflection
 B - an amulet of regeneration (around neck)
Wands
 r - a wand of flame (17)
 z - a wand of iceblast (9)
Scrolls
 d - 3 scrolls of blinking
 g - 5 scrolls of teleportation
 h - a scroll of magic mapping {unknown}
 i - 2 scrolls of enchant armour {unknown}
 s - 3 scrolls of remove curse {unknown}
 u - a scroll of identify
 x - a scroll of amnesia
Potions
 j - a potion of heal wounds
 l - a potion of curing
 n - 2 potions of haste {unknown}
 o - 3 potions of mutation
 p - 2 potions of might
 q - a potion of lignification
 t - a potion of resistance {unknown}
 v - a potion of cancellation
 A - a potion of flight {unknown}
Comestibles
 f - 5 rations


   Skills:
 * Level 3.8 Fighting
 * Level 6.0 Long Blades
 + Level 1.0 Throwing
 + Level 2.0 Armour
 + Level 2.9 Dodging
 + Level 2.5 Spellcasting
 * Level 1.3 Charms
 + Level 3.5 Translocations


You had 6 spell levels left.
You knew the following spells:

 Your Spells              Type           Power        Failure   Level  Hunger
a - Shroud of Golubria    Chrm/Tloc      ##....       12%         2    ##.....
b - Blink                 Tloc           N/A          8%          2    ##.....

Your spell library contained the following spells:

 Spells                   Type           Power        Failure   Level  Hunger
 Gell's Gravitas          Tloc           ##........   16%         3    ###....
 Lesser Beckoning         Tloc           ##........   16%         3    ###....
 Teleport Other           Tloc           ##......     16%         3    ###....
 Passage of Golubria      Tloc           N/A          45%         4    #####..


Dungeon Overview and Level Annotations

Branches:
Dungeon (5/15)
 Temple: D:4-7

Altars:
Cheibriados
Dithmenos
Elyvilon
Sif Muna
Trog
Uskayaw
The Shining One

Shops:
D:4 =


Innate Abilities, Weirdness & Mutations

You can be seen from farther away. (+LOS)
You can swim through water.
You cover ground slowly.
You can hop short distances.


Message History

You feel sick. The worker ant barely misses you.
You riposte.
You hit the worker ant.
The worker ant is severely wounded.
You feel sick. The worker ant bites you.
* * * LOW HITPOINT WARNING * * *
You feel sick. The worker ant closely misses you.
You riposte.
You barely miss the worker ant.
The worker ant is severely wounded.
You feel sick. The worker ant misses you.
You riposte.
You hit the worker ant.
The worker ant is almost dead.
The worker ant waves its antennae.
The worker ant bites you!
* * * LOW HITPOINT WARNING * * *
You are more poisoned.
The worker ant poisons you!
* * * LOW HITPOINT WARNING * * *
You feel sick.
The orc priest casts a cantrip, but nothing happens.
The worker ant bites you.
You die... . . . . . ##################### #<..@aZ.oo........... #####################

You could see a worker ant, an orc priest, an orc and a bullfrog skeleton.

Vanquished Creatures
  A scorpion (D:4)
  2 crimson imps (D:4)
  An iguana (D:4)
  A worker ant (D:4)
  6 adders
  A white imp (D:4)
  3 worms
  A dart slug (D:2)
  3 leopard geckos
  2 orcs (D:5)
  3 giant cockroaches
  6 goblins
  5 hobgoblins
  5 kobolds
  A quokka (D:3)
  2 ball pythons
  10 bats
  7 frilled lizards
  2 goblin skeletons (D:4)
  A goblin zombie (D:4)
  3 hobgoblin zombies (D:4)
  A kobold skeleton (D:4)
  A kobold zombie (D:4)
  2 orc skeletons (D:4)
  6 rats
76 creatures vanquished.

Notes
Turn   | Place    | Note
-------+----------+-------------------------------------------
     0 | D:1      | Esekla the Barachi Warper began the quest for the Orb.
     0 | D:1      | Reached XP level 1. HP: 17/17 MP: 3/3
    44 | D:1      | Reached XP level 2. HP: 17/23 MP: 5/5
    48 | D:1      | Learned a level 2 spell: Shroud of Golubria
    51 | D:1      | Learned a level 2 spell: Blink
   698 | D:2      | Found a shadowy altar of Dithmenos.
   728 | D:2      | Found a hide-covered altar of Uskayaw.
   782 | D:2      | Reached XP level 3. HP: 9/29 MP: 3/6
   783 | D:2      | Reached skill level 3 in Long Blades
  1247 | D:2      | Found a snail-covered altar of Cheibriados.
  1280 | D:2      | Became a worshipper of Cheibriados the Contemplative
  1402 | D:3      | Reached XP level 4. HP: 17/35 MP: 7/7
  1450 | D:3      | Found a shimmering blue altar of Sif Muna.
  1691 | D:3      | Reached skill level 4 in Long Blades
  1801 | D:3      | Reached * piety under Cheibriados
  1966 | D:3      | Reached XP level 5. HP: 41/41 MP: 8/8
  2000 | D:4      | Reached skill level 5 in Long Blades
  2206 | D:4      | Found a white marble altar of Elyvilon.
  2323 | D:4      | Found a glowing golden altar of the Shining One.
  2418 | D:4      | Reached skill level 1 in Charms
  2450 | D:4      | Reached XP level 6. HP: 18/48 MP: 9/9
  2616 | D:4      | Found Wixti's Jewellery Shop.
  2854 | D:4      | Reached skill level 6 in Long Blades
  2989 | D:4      | Found a bloodstained altar of Trog.
  3024 | D:4      | Reached ** piety under Cheibriados
  3187 | D:5      | Entered Level 5 of the Dungeon
  3247 | D:5      | HP: 2/48 [poisoned by a worker ant]
  3247 | D:5      | Slain by a worker ant

Levels and vault maps discovered:
D:1:      dpeg_arrival_shrine, layout_loops_ring, st_stairs_4
D:2:      layout_rooms, grunt_dithmenos_smoke_and_mirrors,
          kennysheep_slug_shrine, eat_drink_and_be_merry_uskayaw
D:3:      layout_basic, lemuel_doored_altar
D:4:      layout_basic, nicolae_tso_besieged_by_evil, bloody_trog,
          elyvilon_altar_1, serial_shops, nicolae_shop_waterfront,
          minmay_fire_ice_demons
D:5:      layout_basic, old_standard_altar, vehumet_statue, basic_altar,
          first_ration

Skill      XL: |  1  2  3  4  5  6 |
---------------+-------------------+-----
Fighting       | 3 |  3.8
Long Blades    | 3 4 5 6 |  6.0
Charms         | 1 |  1.3
Armour         | 2 |  2.0
Throwing       | |  1.0
Dodging        | |  2.9
Spellcasting   | |  2.5
Translocations | |  3.5

Action                   |  1- 3 |  4- 6 || total
-------------------------+-------+-------++-------
Melee: Falchion          |   138 |   235 ||   373
 Cast: Shroud of Golubri |     4 |     7 ||    11
  Use: Scroll            |     1 |     8 ||     9
       Potion            |     1 |       ||     1
 Stab: Sleeping          |       |     1 ||     1
  Eat: Chunk             |     2 |     4 ||     6
Armor: Leather armour    |    58 |    59 ||   117
Dodge: Dodged            |   118 |   141 ||   259
Block: Other             |       |     4 ||     4
       Rpst.: Falchion   |    37 |    45 ||    82

Table legend:
 A = Non-vault XP
 B = Vault XP
 C = Vault XP percentage of total XP
 D = Non-vault monster count
 E = Vault monster count
 F = Vault count percentage of total count
                 A         B        C        D         E       F
            +---------+---------+-------+---------+---------+-------
      Total |     312 |     123 |  28.3 |      60 |      16 |  21.1
            +---------+---------+-------+---------+---------+-------
        D:1 |      24 |       3 |  11.1 |      16 |       2 |  11.1
        D:2 |      43 |       4 |   8.5 |      12 |       1 |   7.7
        D:3 |      92 |       0 |   0.0 |      24 |       0 |   0.0
        D:4 |     147 |     116 |  44.1 |       6 |      13 |  68.4
        D:5 |       6 |       0 |   0.0 |       2 |       0 |   0.0
            +---------+---------+-------+---------+---------+-------
